 Dungeon Crawl Stone Soup version 0.18-a0-1575-g920359c (webtiles) character file.

63 namelastname112 the Insei (level 3, -2/31 HPs)
             Began as a Draconian Monk on Mar 15, 2016.
             Slain by Crazy Yiuf
             ... wielding a +4 quarterstaff of chaos
              (6 damage)
             ... on level 2 of the Dungeon on Mar 16, 2016.
             The game lasted 00:03:08 (1522 turns).

namelastname112 the Insei (Draconian Monk)          Turns: 1522, Time: 00:03:08

Health: -2/31      AC:  5    Str: 13    XL:     3   Next: 87%
Magic:  3/3        EV: 13    Int: 10    God:
Gold:   43         SH:  0    Dex: 14    Spells: 0 memorised, 2 levels left

rFire  . . .     SeeInvis .       - Unarmed
rCold  . . .     Gourm    .     (armour unavailable)
rNeg   . . .     Faith    .     (no shield)
rPois  .         Spirit   .     (helmet restricted)
rElec  .         Dismiss  .     (no cloak)
rCorr  .         Reflect  .     (no gloves)
SustAt .         Harm     .     (no boots)
MR     .....                    (no amulet)
Stlth  ++........               (no ring)
                                (no ring)

@: not resistant to hostile enchantments, unstealthy
A: unfitting armour, cold-blooded, AC +5
a: no special abilities


You were on level 2 of the Dungeon.
You were hungry.

You visited 1 branch of the dungeon, and saw 2 of its levels.

You collected 43 gold pieces.

Inventory:

Scrolls
 e - 2 scrolls of remove curse {unknown}
 h - a scroll of enchant armour {unknown}
Potions
 b - a potion of haste {unknown}
 c - a potion of mutation {unknown}
 d - a potion of invisibility {unknown}
 f - a potion of cancellation {unknown}
Comestibles
 a - 2 bread rations
 g - 2 meat rations


   Skills:
 - Level 3.2 Fighting
 - Level 2.6 Dodging
 - Level 1.7 Stealth
 + Level 5.5 Unarmed Combat


You had 2 spell levels left.
You didn't know any spells.

Dungeon Overview and Level Annotations

Branches:
Dungeon (2/15)

Altars:
Nemelex Xobeh
Trog
The Shining One

Annotations:
D:2 Crazy Yiuf


Innate Abilities, Weirdness & Mutations

Your plain brown scales are hard (AC +5).
Your body does not fit into most forms of armour.
You are cold-blooded and may be slowed by cold attacks.


Message History

You hit Crazy Yiuf but do no damage.
You tail-slap Crazy Yiuf, but do no damage.
Crazy Yiuf is heavily wounded.
Crazy Yiuf cries, "Nubble agre hog!"
Crazy Yiuf hits you with a quarterstaff of chaos!
Crazy Yiuf burns you.
* * * LOW HITPOINT WARNING * * *
You are too injured to fight recklessly!
You hit Crazy Yiuf.
Crazy Yiuf is severely wounded.
You feel yourself speed up.
Crazy Yiuf grits, "Fluff!"
Crazy Yiuf hits you with a quarterstaff of chaos.
* * * LOW HITPOINT WARNING * * *
x2 Crazy Yiuf grits, "Castle aubergine childish!"
Crazy Yiuf sings, "Trees, trees, trees, circus!"
Crazy Yiuf says, "Crazy?
Crazy!?
PORCUPINE!"
Crazy Yiuf yells, "Blight canine mobile!"
Crazy Yiuf hits you with a quarterstaff of chaos.
You die...

###### #.....
##.#..# #...#..
#.#..#. #..#..#
##### #...#..
##...#####
#.#..#.
##...g@...#
#..#..#
#....####.#
#...#.. #....#
#.#######.#..#.
#.PPP#
#..........#..#
#.P###
########....#..
##.# #..#..#รท
#.## #...#..#
##.# #.#.....
#.## #.###..#


You could see Crazy Yiuf.

Vanquished Creatures
  An adder (D:2)
  An ooze (D:1)
  2 worms (D:2)
  2 giant geckos (D:1)
  10 bats
  5 giant cockroaches
  4 hobgoblins (D:1)
  8 kobolds
  3 giant newts (D:1)
  2 goblins
  3 rats
  A fungus (D:2)
42 creatures vanquished.

Notes
Turn   | Place    | Note
--------------------------------------------------------------
     0 | D:1      | namelastname112 the Draconian Monk began the quest for the Orb.
     0 | D:1      | Reached XP level 1. HP: 19/19 MP: 1/1
    59 | D:1      | Reached XP level 2. HP: 26/26 MP: 2/2
   322 | D:1      | Upgraded the game from 0.18-a0-1572-g0a86841 to 0.18-a0-1575-g920359c
   360 | D:1      | Reached skill level 5 in Unarmed Combat
   360 | D:1      | Reached XP level 3. HP: 29/31 MP: 3/3
   654 | D:2      | HP: 1/31 [bat (1)]
   661 | D:2      | HP: 1/31 [bat (1)]
  1196 | D:2      | Found a bloodstained altar of Trog.
  1196 | D:2      | Found a glowing golden altar of the Shining One.
  1196 | D:2      | Found a sparkling altar of Nemelex Xobeh.
  1503 | D:2      | Noticed Crazy Yiuf
  1522 | D:2      | Slain by Crazy Yiuf

Vault maps used:
D:1:      dpeg_arrival_simpleton_a
D:2:      gammafunk_temple_overflow_claw, serial_aquarium,
          aquarium_bridge_square, aquarium_window_2, aquarium_window_fake,
          aquarium_window_2, aquarium_view_2d, minmay_misc_feat_diagonals,
          uniq_crazy_yiuf_cottage

Skill      XL: |  1  2 |
---------------+-------+-----
Unarmed Combat | 5 |  5.5
Fighting       | |  3.2
Dodging        | |  2.6
Stealth        | |  1.7

Action                   || total
-------------------------++-------
Melee: Unarmed           ||   126
 Stab: Sleeping          ||     4
  Eat: Chunk             ||     1
